 Dungeon Crawl Stone Soup version 0.22-a0-456-g11ed031 (webtiles) character file.

779 pk666 the Conjurer (level 7, -1/36 HPs)
             Began as a Deep Elf Fire Elementalist on June 6, 2018.
             Killed from afar by Dowan (24 damage)
             ... with a shard of ice
             ... on level 4 of the Dungeon.
             The game lasted 00:10:40 (3690 turns).

pk666 the Conjurer (Deep Elf Fire Elementalist)     Turns: 3690, Time: 00:10:41

Health: -1/36      AC:  4    Str:  5    XL:     7   Next: 54%
Magic:  4/18       EV: 13    Int: 24    God:
Gold:   119        SH:  0    Dex: 15    Spells: 5/18 levels left

rFire    . . .     SeeInvis .   (no weapon)
rCold    . . .     Gourm    .   (no shield)
rNeg     . . .     Faith    .   a - +0 robe
rPois    .         Spirit   .   (no helmet)
rElec    .         Reflect  .   (no cloak)
rCorr    .         Harm     .   (no gloves)
MR       .....                  i - +1 pair of boots {Fly}
Stlth    ++........             (no amulet)
HPRegen  0.12/turn              m - ring of wizardry
MPRegen  0.16/turn              n - +2 ring of intelligence

@: flying
A: no striking features
a: Stop Flying


You were on level 4 of the Dungeon.
You were not hungry.

You visited 1 branch of the dungeon, and saw 4 of its levels.

You collected 119 gold pieces.

Inventory:

Armour
 a - a +0 robe (worn)
 i - a +1 pair of boots of flying (worn)
Jewellery
 m - a ring of wizardry (left hand)
 n - a +2 ring of intelligence (right hand)
 q - a cursed amulet of inaccuracy {unknown}
Wands
 s - a wand of random effects (17)
 u - a wand of polymorph (7)
Scrolls
 b - 3 scrolls of enchant weapon {unknown}
 e - 2 scrolls of remove curse {unknown}
 f - 2 scrolls of teleportation {unknown}
 g - a scroll of random uselessness {unknown}
 h - 2 scrolls of amnesia {unknown}
 o - 7 scrolls of identify {unknown}
 p - 2 scrolls of fog {unknown}
Potions
 d - 2 potions of lignification {unknown}
 j - 2 potions of curing {unknown}
 k - a potion of heal wounds {unknown}
 l - a potion of resistance {unknown}
 t - a potion of flight {unknown}
Comestibles
 c - 7 rations
 r - 7 chunks of flesh


   Skills:
 - Level 2.4 Dodging
 - Level 2.4 Stealth
 + Level 6.2 Spellcasting
 * Level 6.5 Conjurations
 + Level 5.6 Fire Magic


You had 5 spell levels left.
You knew the following spells:

 Your Spells              Type           Power        Failure   Level  Hunger
a - Flame Tongue          Conj/Fire      #####        1%          1    None
b - Sticky Flame          Conj/Fire      #####...     2%          4    ###....
c - Conjure Flame         Conj/Fire      #####...     1%          3    None
z - Fireball              Conj/Fire      #####.....   7%          5    #####..

Your spell library contained the following spells:

 Spells                   Type           Power        Failure   Level  Hunger
 Throw Flame              Conj/Fire      #####.       1%          2    None
 Spider Form              Tmut/Pois      #.........   10%         3    None
 Blade Hands              Tmut           #.........   61%         5    #####..
 Ice Form                 Ice/Tmut       #.......     30%         4    ###....
 Sticks to Snakes         Tmut           #.......     4%          2    None
 Inner Flame              Hex/Fire       ###.....     3%          3    None
 Beastly Appendage        Tmut           #.....       3%          1    None


Dungeon Overview and Level Annotations

Branches:
Dungeon (4/15)
 Temple: D:4-7

Altars:
Cheibriados
Trog
Xom

Annotations:
D:2 Terence
D:4 Dowan


Message History

The flame tongue misses Dowan.
Casting: Flame Tongue (safe; 1% risk of failure)
Confirm with . or Enter, or press ? or * to list all spells.
Aiming: Flame Tongue (safe; 1% risk of failure)
Press: ? - help, Shift-Dir - straight line, f/p - Dowan
Aim: Dowan, wielding a dagger and wearing a robe (moderately wounded, fast)
The flame tongue hits Dowan.
Dowan is heavily wounded.
Dowan hits you with a dagger.
Casting: Flame Tongue (safe; 1% risk of failure)
Confirm with . or Enter, or press ? or * to list all spells.
Aiming: Flame Tongue (safe; 1% risk of failure)
Press: ? - help, Shift-Dir - straight line, f/p - Dowan
Aim: Dowan, wielding a dagger and wearing a robe (heavily wounded, fast)
The flame tongue hits Dowan.
Dowan is severely wounded.
Dowan casts a spell at you. The shard of ice hits you!
Ouch! That really hurt!
You die...

..# ### #...#
##.###..## #..##...#
#....<...# #..>....
#........# ######......
#........###÷'..##.....
#........##.##...#.....
+.....)?.##.##.).......
######§####.##._...##..
##..##e@# #.##....###..
.'......# #.##...#.....
.#......#
.###^..##..... #'###..#
#. #####.##### #
#..###..####..###.#
#....#............#
#....#............#
###.#######.......#
#.###..##.......#


You could see Dowan.

Vanquished Creatures
  Sigmund (D:3)
  The ghost of galech the Skirmisher, an amateur GrFi (D:3)
  Duvessa (D:4)
  An orc warrior (D:4)
  A bullfrog skeleton (D:4)
  3 orc priests
  An orc wizard (D:4)
  Ijyb (D:3)
  4 gnolls (D:3)
  4 adders
  An ooze (D:1)
  A worm (D:3)
  2 leopard geckos
  6 orcs
  3 giant cockroaches
  8 goblins
  7 hobgoblins
  2 quokkas
  A ball python (D:1)
  7 bats
  9 frilled lizards
  A jackal skeleton (D:4)
  6 kobolds
  6 rats
78 creatures vanquished.

Vanquished Creatures (others)
  A fire vortex (D:4)
1 creature vanquished.

Grand Total: 79 creatures vanquished

Notes
Turn   | Place    | Note
-------+----------+-------------------------------------------
     0 | D:1      | pk666 the Deep Elf Fire Elementalist began the quest for the Orb.
     0 | D:1      | Reached XP level 1. HP: 10/10 MP: 6/6
   117 | D:1      | Reached XP level 2. HP: 12/15 MP: 5/8
   962 | D:2      | Noticed Terence
  1116 | D:2      | Reached XP level 3. HP: 19/19 MP: 8/10
  1411 | D:2      | Found a snail-covered altar of Cheibriados.
  1615 | D:3      | Noticed galech's ghost (amateur GrFi)
  1741 | D:2      | Learned a level 3 spell: Conjure Flame
  1864 | D:3      | Reached XP level 4. HP: 24/24 MP: 9/11
  1886 | D:3      | Learned a level 4 spell: Sticky Flame
  2023 | D:3      | Noticed Sigmund
  2061 | D:3      | Killed Sigmund
  2061 | D:3      | Reached XP level 5. HP: 17/28 MP: 3/14
  2149 | D:3      | Killed galech's ghost
  2149 | D:3      | Reached skill level 5 in Spellcasting
  2149 | D:3      | Reached skill level 5 in Conjurations
  2149 | D:3      | Reached XP level 6. HP: 28/32 MP: 0/15
  2289 | D:3      | Noticed Ijyb
  2315 | D:3      | Found a shimmering altar of Xom.
  2518 | D:3      | Reached skill level 5 in Fire Magic
  2604 | D:3      | Killed Ijyb
  2911 | D:4      | Learned a level 5 spell: Fireball
  2919 | D:4      | Noticed an orc warrior
  3221 | D:4      | Noticed Duvessa
  3221 | D:4      | Noticed Dowan
  3465 | D:4      | Killed an orc warrior
  3465 | D:4      | Reached XP level 7. HP: 36/36 MP: 8/17
  3541 | D:4      | Found a bloodstained altar of Trog.
  3686 | D:4      | Killed Duvessa
  3690 | D:4      | Killed from afar by Dowan

Vault maps used:
D:1:      scummos_arrival_simple_fountains
D:2:      cheibrodos_old_hovel, overflow_temple_1_default, uniq_terence
D:3:      xom_teletrap_fun, uniq_sigmund, uniq_ijyb
D:4:      kennysheep_mini, first_ration, minmay_crystal_water,
          trog_butcher_becter, uniq_duvessa

Skill      XL: |  1  2  3  4  5  6  7 |
---------------+----------------------+-----
Conjurations   | 2 3 4 5 6 |  6.5
Spellcasting   | 4 5 6 |  6.2
Fire Magic     | 4 5 |  5.6
Dodging        | |  2.4
Stealth        | |  2.4

Action                   |  1- 3 |  4- 6 |  7- 9 || total
-------------------------+-------+-------+-------++-------
 Cast: Flame Tongue      |    52 |    77 |    29 ||   158
       Conjure Flame     |       |     5 |     1 ||     6
  Eat: Chunk             |     3 |     5 |     1 ||     9
Armor: Robe              |       |     3 |       ||     3
Dodge: Dodged            |    10 |    14 |     1 ||    25

Table legend:
 A = Spawn XP
 B = Non-spawn XP
 C = Spawn XP percentage of total XP
 D = Spawn monster count
 E = Non-spawn monster count
 F = Spawn count percentage of total count
 G = Total turns spent on level
                    A         B        C        D         E        F      G
               +---------+---------+-------+---------+---------+-------+---------
         Total |       0 |    1114 |   0.0 |       0 |      78 |   0.0 |  3690
               +---------+---------+-------+---------+---------+-------+---------
           D:1 |       0 |      36 |   0.0 |       0 |      20 |   0.0 |   890
           D:2 |       0 |      15 |   0.0 |       0 |      11 |   0.0 |   925
           D:3 |       0 |     590 |   0.0 |       0 |      32 |   0.0 |  1527
           D:4 |       0 |     473 |   0.0 |       0 |      15 |   0.0 |   348
               +---------+---------+-------+---------+---------+-------+---------
